 Dungeon Crawl Stone Soup version 0.14-a0-484-gae2d0ec (webtiles) character file.

234997 4tharraofdagon the Executioner (level 18, -20/158 HPs)
             Began as a Djinni Berserker on Oct 31, 2013.
             Was the Champion of Makhleb.
             Demolished by a stone giant (23 damage)
             ... on Level 5 of the Vaults.
             The game lasted 03:18:09 (20220 turns).

4tharraofdagon the Executioner (Djinni Berserker)  Turns: 20220, Time: 03:18:09

HP -20/158 (148) AC 36     Str 28      XL: 18   Next: 89%
MP   0/0         EV  7     Int  6 (8)  God: Makhleb [******]
Gold 134         SH  0     Dex 11      Spells:  0 memorised, 17 levels left

Res.Fire  : + + +   See Invis. : .   m - +6,+5 executioner's axe (antimagic)
Res.Cold  : . . .   Warding    : .   u - +3 dwarf plate armour {rF+}
Life Prot.: + + +   Conserve   : .   (no shield)
Res.Poison: +       Res.Corr.  : .   Z - +2 hat of the Alchemist {rElec rF+ rC+ MR+}
Res.Elec. : +       Clarity    : +   z - +1 cloak "Thramel" {rElec rF+ MR++}
Sust.Abil.: . .     Spirit.Shd : .   F - +1 pair of gauntlets
Res.Mut.  : .       Stasis     : .   (boots unavailable)
Res.Rott. : .       Flight     : .   U - amulet of clarity
Saprovore : . . .                    B - ring "Qiluga" {AC+6 Str+2 Dex-3 Acc+4}
                                     P - ring "Cloll" {rElec rN+ MR++ AC+2}

@: very slightly contaminated, incredibly resistant to hostile enchantments,
extremely unstealthy
A: fire immunity, cold vulnerability, deterioration 1, life protection 3, poison
resistance, +10% hp, screaming 2, wild magic 1, AC +1, Str +2
a: Minor Destruction, Lesser Servant of Makhleb, Major Destruction, Greater
Servant of Makhleb, Renounce Religion
}: 1/15 runes: silver


You were on level 5 of the Vaults.
You worshipped Makhleb.
Makhleb was exalted by your worship.
You were not hungry.

You visited 6 branches of the dungeon, and saw 40 of its levels.
You visited 1 bazaar.
You also visited: Labyrinth and Bailey.

You collected 3498 gold pieces.
You spent 3384 gold pieces at shops.

Inventory:

Hand weapons
 m - a +6,+5 anti-magic executioner's axe (weapon)
Armour
 u - a +3 dwarven plate armour of fire resistance (worn)
 z - the +1 cloak "Thramel" (worn) {rElec rF+ MR++}
   (You found it in a bailey)

   It protects you from fire.
   It insulates you from electricity.
   It affects your resistance to hostile enchantments.
 F - a +1 pair of gauntlets (worn)
 Z - the +2 hat of the Alchemist (worn) {rElec rF+ rC+ MR+}
   (You found it on level 3 of the Elven Halls)

   It protects you from fire.
   It protects you from cold.
   It insulates you from electricity.
   It affects your resistance to hostile enchantments.
Magical devices
 h - a wand of teleportation (8)
 x - a wand of hasting (5)
 A - a wand of teleportation (8)
 H - a wand of disintegration (17)
Comestibles
 K - a royal jelly
Scrolls
 a - 4 scrolls of enchant armour
 r - 2 scrolls of recharging
 s - 2 scrolls of magic mapping
 t - 2 scrolls of fog
 E - 5 scrolls of remove curse
 N - 3 scrolls of noise
Jewellery
 f - an uncursed ring of teleportation
 i - an uncursed ring of ice
 l - an uncursed ring of sustain abilities
 n - a +4 ring of intelligence {unknown}
 v - an uncursed ring of ice
 w - an uncursed ring of teleport control
 B - the ring "Qiluga" (right hand) {AC+6 Str+2 Dex-3 Acc+4}
   (You took it off a deep elf demonologist on level 3 of the Elven Halls)

   [ring of protection]

   It affects your AC (+6).
   It affects your strength (+2).
   It affects your dexterity (-3).
   It affects your accuracy (+4).
 D - the amulet of Kotum {+Rage Str+3 Int-2}
   (You took it off a deep elf knight on level 3 of the Elven Halls)

   [amulet of rage]

   It affects your strength (+3).
   It affects your intelligence (-2).
 G - an uncursed ring of wizardry
 I - an uncursed amulet of resist mutation
 O - an uncursed amulet of stasis
 P - the ring "Cloll" (left hand) {rElec rN+ MR++ AC+2}
   (You found it on level 3 of the Elven Halls)

   [ring of protection]

   It affects your AC (+2).
   It insulates you from electricity.
   It protects you from negative energy.
   It affects your resistance to hostile enchantments.
 R - an uncursed amulet of rage
 U - an amulet of clarity (around neck)
 W - an uncursed ring of see invisible
Potions
 c - 4 potions of brilliance
 g - 2 potions of berserk rage
 q - a potion of restore abilities
 S - 6 potions of curing
 T - 2 potions of might
Books
 k - a book of Cantrips

   Spells                             Type                      Level
   Confusing Touch                    Hexes                        1
   Animate Skeleton                   Necromancy                   1
   Summon Small Mammal                Summoning                    1
   Apportation                        Translocation                1
 J - a book of Burglary

   Spells                             Type                      Level
   Apportation                        Translocation                1
   Swiftness                          Charms/Air                   2
   Passwall                           Transmutation/Earth          3
   Passage of Golubria                Translocation                4
   Lee's Rapid Deconstruction         Earth                        5
   Darkness                           Hexes                        7
 V - a book of the Earth (quivered)

   Spells                             Type                      Level
   Dig                                Earth                        4
   Leda's Liquefaction                Hexes/Earth                  4
   Bolt of Magma                      Conjuration/Fire/Earth       5
   Statue Form                        Transmutation/Earth          6
   Iron Shot                          Conjuration/Earth            6
   Shatter                            Earth                        9
Miscellaneous
 d - a stone of tremors
 e - a sack of spiders
 j - a lamp of fire
 o - an ornate deck of war
 p - a fan of gales
 y - a lamp of fire (inert)
 C - an ornate deck of changes
 L - a stone of tremors
 M - a sack of spiders
 Q - a stone of tremors
 X - a phial of floods
 Y - a sack of spiders
Rods
 b - a +4 rod of demonology (12/12)
   (You found it on level 5 of the Vaults)


   Skills:
 + Level 17.0 Fighting
 * Level 21.3 Axes
 + Level 14.1 Armour
 - Level 1.7 Dodging
 + Level 14.0 Evocations


You had 17 spell levels left.
You didn't know any spells.

Dungeon Overview and Level Annotations

Branches:
Dungeon (19/27)            Temple (1/1) D:4             Orc (4/4) D:10
    Elf (3/3) Orc:4          Lair (8/8) D:8          Shoals (0/5) Lair:4
  Slime (0/6) Lair:8       Vaults (5/5) D:17          Blade (0/1) Vaults:3
  Swamp: Lair:3-6     Snake: Lair:3-6    Spider: Lair:3-6     Crypt: Vaults:2-3
 Forest: Vaults:2-3

Altars:
Ashenzari
Cheibriados
Elyvilon
Fedhas
Kikubaaqudgha
Makhleb
Nemelex Xobeh
Okawaru
Sif Muna
Trog
Vehumet
Xom
Yredelemnul
Zin
the Shining One

Shops:
D:9 *   D:17 +   Orc:4 !}=[/   Elf:1 /+   Vaults:4 **

Portals:
Bazaar: D:12
Trove: D:13 (give +2 gold dragon armour)

Annotations:
D:8 LAIR
D:17 VAULTS, exclusion: upstairs
D:18 exclusion: Roxanne, Roxanne
Orc:1 BORAD ANDIMAGIK
Elf:1 405 tELE WAND
Lair:6 exclusion: oklob plant
Lair:8 exclusion: upstairs
Vaults:1 Wiglaf


Innate Abilities, Weirdness & Mutations

You are immune to all types of fire, even holy and hellish.
You are vulnerable to cold.
You need no food.
You have no legs.
You are immune to negative energy.
You are partially covered in molten scales (AC +1).
Your body is slowly deteriorating.
Your system is resistant to poisons.
You are robust (+10% HP).
You sometimes yell uncontrollably.
Your muscles are strong. (Str +2)
Your spells are a little harder to cast, but a little more powerful.


Message History

Evoke which item? (* to show all) (? for menu, Esc to quit)
Aim the lamp in which direction?
Press: ? - help, Dir - move target cursor, f - stone giant
Aim: a stone giant (severely wounded, unusually strong)
The flames dance!
The trail of fire hits the stone giant.
The stone giant is almost dead.
The trail of fire hits the stone giant.
The stone giant is moderately wounded.
The trail of fire hits the vault sentinel.
The vault sentinel is moderately wounded.
The trail of fire hits the stone giant.
The stone giant is heavily wounded.
The trail of fire hits you!
* * * LOW HITPOINT WARNING * * *
The vault sentinel is engulfed in roaring flames.
The stone giant is engulfed in roaring flames.
The stone giant hits you but does no damage.
The stone giant is engulfed in roaring flames.
The stone giant hits you!
You die...

#.................).......((....C
#....................(....#.((.#.
#..####...#######[..####cC#....##
#.....###..##.##(.###.....#....##
#.......##..#)#))##.....).#....##
#..####..##.#%#(##@.####..#....#.
#.....##..#)#%#.#c@##.....#....#.
#..##..##.###.###C##..##..#....#.
#...##..#..##?##@C#..##...#....#.
#..(...)##.##(##(##.......#....#.
#..####....##!##E(..####..#....#.
#.....###...#)#...###.)..(#....#(
#.......##..#.#..##...(...#....#.
#..####..##.#(#.##..####(.#....#?
#.....##..#.#.#=#.(##(....#..,,##
#..#*..##.###.###.##..##..#,,,,#.
#...#*..#..##(##..#..##...#,,,,#(


You could see 2 stone giants, a vault guard, a vault sentinel, a yaktaur and a
friendly fire elemental.

Vanquished Creatures
  A lich (Vaults:5)
  2 deep elf blademasters (Elf:3)
  A deep elf master archer (Elf:3)
  A titan (Vaults:5)
  2 storm dragons (Vaults:5)
  4 tengu reavers
  A shadow dragon (Vaults:5)
  A frost giant (Vaults:5)
  A fire giant (Vaults:4)
  8 vault wardens
  An orc warlord (Orc:4)
  5 deep elf sorcerers (Elf:3)
  Gastronok (D:11)
  9 stone giants
  6 deep elf demonologists
  The ghost of MechanicPope the Protected, a powerful DjFi of Cheibriados (Elf:1)
  12 deep elf annihilators
  31 vault guards
  An ettin (Vaults:2)
  6 deep elf high priests (Elf:3)
  A great orb of eyes (Vaults:2)
  2 deep elf death magi (Elf:3)
  3 ogre magi
  A minotaur (Lab)
  Fannar (D:11)
  8 ironheart preservers
  9 yaktaur captains
  2 ravenous feature mimics
  2 hydras (Vaults:2)
  A ravenous item mimic (Lair:8)
  2 deep troll shamans
  3 death yaks (Lair:8)
  2 deep troll earth magi
  An orc high priest (Orc:4)
  3 very ugly things (Vaults:4)
  2 dancing weapons (Vaults:3)
  2 catoblepae (Lair:8)
  A storm dragon zombie (Vaults:2)
  8 centaur warriors
  7 deep elf knights
  15 humans
  2 iron trolls
  A giant orange brain (Vaults:4)
  7 unseen horrors
  2 giant amoebae
  7 deep trolls
  4 necromancers
  6 orc knights
  14 deep elf conjurers
  3 orc sorcerers
  Joseph (D:7)
  5 hill giants
  A lindwurm (Lair:8)
  6 griffons
  A wizard (D:17)
  A wolf spider (shapeshifter) (Vaults:5)
  13 ironbrand convokers
  A wolf spider (Vaults:2)
  2 stone giant zombies (Vaults:2)
  5 cyclopes
  A sixfirhy (Vaults:5)
  9 stone golems (Elf:3)
  A phantasmal warrior (Vaults:5)
  3 stone giant skeletons
  12 elephants
  6 vault sentinels
  An orange demon (Orc:4)
  A frost giant skeleton (Vaults:4)
  2 spiny worms (Vaults:3)
  3 black mambas
  9 spiny frogs
  Psyche (D:8)
  A spriggan druid (Lair:5)
  3 deep elf summoners (Elf:1)
  A draconian (D:11)
  5 deep elf priests
  2 fire drakes
  16 yaktaurs
  A hellwing (Orc:4)
  4 komodo dragons
  A hydra zombie (D:16)
  14 trolls
  8 two-headed ogres
  2 polar bears (D:8)
  13 slime creatures
  A boulder beetle (Vaults:4)
  19 deep elf magi
  2 basilisks
  11 blink frogs
  A frost giant simulacrum (Vaults:2)
  An elf zombie (Vaults:5)
  A griffon zombie (D:15)
  A shadow (D:14)
  A griffon skeleton (D:16)
  A dragon skeleton (D:16)
  39 ugly things
  A wyvern (shapeshifter) (Vaults:3)
  2 ettin skeletons
  A ynoxinul (Vaults:5)
  5 grizzly bears
  A wraith (D:14)
  3 vampires
  Eustachio (D:8)
  35 yaks
  A hippogriff (shapeshifter) (Vaults:5)
  2 hungry ghosts
  3 clay golems (Elf:3)
  4 hill giant skeletons
  5 hippogriffs
  A rock worm (Vaults:2)
  A manticore (D:14)
  A merfolk (shapeshifter) (Elf:3)
  Edmund (D:7)
  2 soldier ants
  22 wolves
  18 deep elf fighters
  An orange crystal statue (D:12)
  35 orc warriors
  A freezing wraith (Vaults:3)
  4 porcupines
  A phantom (D:12)
  8 ice beasts
  4 sky beasts
  2 black bears
  26 ogres
  The ghost of 4tharraofdagon the Chopper, an average DjBe of Trog (D:5)
  32 centaurs
  10 crocodiles
  A giant goldfish (Bazaar)
  2 spiny worm simulacra
  3 big kobolds
  4 wargs
  2 giant slugs
  A giant slug zombie (D:14)
  13 water moccasins
  A giant slug (shapeshifter) (Vaults:5)
  Blork the orc (D:4)
  A water moccasin (shapeshifter) (Vaults:4)
  7 agate snails
  A manticore zombie (D:15)
  13 giant frogs
  A manticore skeleton (D:14)
  5 wights (D:12)
  A yak zombie (D:9)
  A troll zombie (D:12)
  A jellyfish (Bazaar)
  A troll skeleton (D:10)
  4 crimson imps
  2 goliath beetles
  23 killer bees
  2 centaur zombies
  2 jellies (D:5)
  A giant frog skeleton (D:5)
  23 orc priests
  33 orc wizards
  10 hounds
  6 iguanas
  3 scorpions
  A water moccasin skeleton (D:9)
  A boulder beetle simulacrum (D:15)
  8 sheep
  6 worker ants
  A troll simulacrum (D:8)
  A mottled dragon zombie (D:15)
  Ijyb (D:3)
  A giant frog simulacrum (D:8)
  A big kobold skeleton (D:10)
  A mottled dragon skeleton (D:14)
  2 big kobold zombies
  A worker ant zombie (D:6)
  14 adders
  7 gnolls
  22 green rats
  3 giant centipedes
  3 giant mites
  A shadow imp (D:8)
  3 worms
  6 ufetubi
  An adder zombie (D:5)
  A giant eyeball (D:10)
  3 giant geckos
  157 orcs
  4 giant cockroaches
  20 hobgoblins
  12 jackals
  7 quokkas
  A ball python (D:3)
  15 bats
  4 giant newts
  A giant spore (D:13)
  13 goblins
  A human zombie (D:17)
  A jackal zombie (D:5)
  37 kobolds
  An orc skeleton (D:9)
  14 rats
  A rat zombie (D:6)
  A ballistomycete (D:13)
  7 fungi
  A plant (Lair:4)
1242 creatures vanquished.

Vanquished Creatures (collateral kills)
  Rupert (D:18)
  2 vault wardens (Vaults:3)
  The ghost of rdx the Carver, a powerful MiFi of Okawaru (Lair:8)
  An ironheart preserver (Vaults:3)
  A death yak (Lair:8)
  5 hydras
  A deep troll (Vaults:4)
  An ironbrand convoker (Vaults:3)
  A wolf spider (D:18)
  A stone giant zombie (Vaults:2)
  A spiny worm (Vaults:4)
  A stone giant skeleton (Vaults:4)
  Maurice (D:8)
  An elephant (Lair:4)
  A frost giant skeleton (D:18)
  2 komodo dragons (Lair:5)
  3 yaktaurs
  An iron troll skeleton (Vaults:2)
  A deep elf priest (Vaults:2)
  2 blink frogs (Lair:4)
  A slime creature (Vaults:3)
  A yak (Lair:4)
  A phantom (D:8)
  A water moccasin (Lair:6)
  2 agate snails
  A pulsating lump (Lair:8)
  An adder (Lair:4)
  A giant centipede (Lair:4)
  A giant gecko (D:8)
  A bat (Lair:4)
  A plant (Lair:8)
41 creatures vanquished.

Vanquished Creatures (others)
  A tengu reaver (Vaults:5)
  A phantasmal warrior (Vaults:5)
  A griffon (D:18)
  4 water elementals
  3 vault sentinels
  6 fire elementals
  12 redbacks
  15 trapdoor spiders
  A deep elf fighter (Elf:3)
  2 earth elementals (Vaults:2)
  An orc (Orc:1)
  A goblin (Bailey)
  A bat (Lair:3)
  4 fungi
  A plant (Lair:4)
54 creatures vanquished.

Grand Total: 1337 creatures vanquished

Notes
Turn   | Place    | Note
--------------------------------------------------------------
     0 | D:1      | 4tharraofdagon, the Djinni Berserker, began the quest for the Orb.
     0 | D:1      | Reached XP level 1. HP: 16/16 MP: 0/0
   148 | D:2      | Reached skill level 3 in Axes
   148 | D:2      | Reached XP level 2. EP: 22/22
   211 | D:2      | WTF
   211 | D:2      | Bloax: lol
   211 | D:2      | 4tharraofdagon: i cant kill adler with zerk
   211 | D:2      | Bloax: immortal piece of shit
   211 | D:2      | Reached XP level 3. EP: 13/29
   256 | D:3      | Noticed Ijyb
   281 | D:3      | Killed Ijyb
   338 | D:3      | Acquired Trog's second power
   338 | D:3      | Reached XP level 4. EP: 31/35
   538 | D:4      | Noticed Blork the orc
   546 | D:4      | Killed Blork the orc
   546 | D:4      | Reached skill level 4 in Axes
   546 | D:4      | Reached XP level 5. EP: 37/41
   655 | D:5      | Entered Level 5 of the Dungeon
   675 | D:5      | Noticed 4tharraofdagon's ghost (average DjBe)
   841 | D:6      | Reached XP level 6. EP: 47/48
   843 | D:6      | Reached skill level 5 in Axes
   980 | D:7      | Noticed a hungry ghost
   991 | D:7      | Reached XP level 7. EP: 54/54
   995 | D:7      | Killed a hungry ghost
  1008 | D:7      | Reached skill level 6 in Axes
  1047 | D:7      | Noticed Edmund
  1061 | D:7      | Reached skill level 5 in Armour
  1062 | D:7      | Killed Edmund
  1099 | D:7      | ofc
  1110 | D:7      | Noticed Joseph
  1166 | D:7      | Reached XP level 8. EP: 61/61
  1170 | D:7      | Killed Joseph
  1170 | D:7      | Reached skill level 5 in Fighting
  1170 | D:7      | Reached skill level 7 in Axes
  1337 | D:8      | Bloax: LOL
  1352 | D:8      | Found a flagged portal.
  1369 | D:8      | Bloax: More like Death Troll
  1373 | Bailey   | Entered a bailey
  1486 | Bailey   | 4tharraofdagon: why they dont wear amours
  1495 | Bailey   | Reached skill level 8 in Axes
  1509 | Bailey   | Reached XP level 9. EP: 69/69
  1524 | Bailey   | Bloax: because fug u
  1719 | Bailey   | Got a crude cloak
  1726 | Bailey   | Identified the +1 cloak "Thramel" {rElec rF+ MR++} (You found it in a bailey)
  1787 | D:8      | Found a staircase to the Lair.
  1853 | D:8      | Noticed Maurice
  1861 | D:8      | Killed Maurice
  1861 | D:8      | Reached skill level 1 in Evocations
  1977 | D:9      | Gained mutation: Your spells are a little harder to cast, but a little more powerful. [potion of mutation]
  1977 | D:9      | Gained mutation: You occasionally shout uncontrollably. [potion of mutation]
  1977 | D:9      | Gained mutation: Your body is slowly deteriorating. [potion of mutation]
  1978 | D:9      | D
  2002 | D:9      | Found Qyxzye's General Store.
  2010 | D:9      | Reached skill level 9 in Axes
  2029 | D:9      | Bought a potion of curing for 24 gold pieces
  2029 | D:9      | Bought a scroll of identify for 24 gold pieces
  2029 | D:9      | Bought a scroll of identify for 24 gold pieces
  2029 | D:9      | Bought a potion of agility for 30 gold pieces
  2072 | D:9      | Acquired Trog's third power
  2119 | D:10     | Entered Level 10 of the Dungeon
  2168 | D:10     | Paralysed by a giant eyeball for 2 turns
  2172 | D:10     | Paralysed by a giant eyeball for 3 turns
  2209 | D:10     | Reached XP level 10. EP: 83/83
  2309 | D:11     | Noticed Sonja
  2316 | D:11     | Noticed Sonja
  2316 | D:11     | Sonja changed into Sonja the sky beast
  2339 | D:11     | Killed Sonja the sky beast
  2490 | D:11     | Killed an unseen horror
  2490 | D:11     | Reached skill level 10 in Axes
  2490 | D:11     | Reached skill level 5 in Evocations
  2493 | D:11     | Noticed Fannar
  2511 | D:11     | Killed Fannar
  2841 | D:11     | Noticed a human
  2873 | D:11     | Killed a human
  3015 | D:11     | Noticed Gastronok
  3033 | D:11     | Killed Gastronok
  3033 | D:11     | Reached XP level 11. EP: 95/95
  3125 | D:12     | Reached skill level 11 in Axes
  3397 | D:12     | Noticed a hill giant
  3416 | D:12     | Killed a hill giant
  3484 | D:12     | Killed an unseen horror
  3641 | D:13     | Found a portal to a secret trove of treasure.
  3701 | D:14     | Entered Level 14 of the Dungeon
  4047 | D:14     | Noticed a centaur warrior
  4059 | D:14     | Killed a centaur warrior
  4245 | D:14     | Killed an unseen horror
  4245 | D:14     | Reached skill level 10 in Armour
  4281 | D:14     | Reached skill level 12 in Axes
  4301 | D:14     | 4tharraofdagon: eat
  4301 | D:14     | 4tharraofdagon: or sacrifice
  4301 | D:14     | timbw: eat
  4320 | D:14     | Gained mutation: You are partially covered in molten scales (AC +1). [mutagenic meat]
  4321 | D:14     | Gained mutation: You sometimes yell uncontrollably. [mutagenic meat]
  4322 | D:14     | Gained mutation: You are resistant to hostile enchantments. [mutagenic meat]
  4323 | D:14     | Gained mutation: Your muscles are strong. (Str +2) [mutagenic meat]
  4324 | D:14     | Lost mutation: You are resistant to hostile enchantments. [mutagenic meat]
  4326 | D:14     | timbw: better then before
  4326 | D:14     | timbw: not great
  4326 | D:14     | 4tharraofdagon: just decent
  4340 | D:15     | timbw: it is some rmut
  4340 | D:15     | Entered Level 15 of the Dungeon
  4341 | D:15     | timbw: if nothing else
  4361 | D:15     | Found a white marble altar of Elyvilon.
  4454 | D:15     | Noticed a hill giant
  4463 | D:15     | Killed a hill giant
  4531 | D:15     | Reached XP level 12. EP: 105/105
  4605 | D:15     | hahhaha
  4633 | D:15     | Found a labyrinth entrance.
  4649 | D:15     | timbw: CPA
  4656 | D:15     | timbw: I can feel it
  4663 | Lab      | Entered a labyrinth
  4696 | Lab      | 4tharraofdagon: axe of woe
  4727 | Lab      | timbw: fridig rod
  4744 | Lab      | timbw: or cpa
  4868 | Lab      | Noticed a minotaur
  4878 | Lab      | Killed a minotaur
  4885 | Lab      | 4tharraofdagon: well
  4885 | Lab      | 4tharraofdagon: almost
  4885 | Lab      | timbw: :<
  4885 | Lab      | Bloax: garbage
  4885 | Lab      | WOAT: ;_;
  4886 | Lab      | timbw: acquirement scroll
  4886 | Lab      | timbw: cpa
  4886 | Lab      | timbw: its okay
  4886 | Lab      | Bloax: unless that's preserv
  5082 | D:16     | Gained mutation: Your system is resistant to poisons. [potion of mutation]
  5082 | D:16     | Gained mutation: You are robust (+10% HP). [potion of mutation]
  5083 | D:16     | 4tharraofdagon: its good now
  5083 | D:16     | timbw: acceptable
  5085 | D:16     | WOAT: do you always quaff the muts just hoping for something good?
  5142 | D:16     | timbw: normal rules do not apply to speedrunning
  5168 | D:16     | WOAT: well, i guess if you get something crippling you just start over
  5533 | D:17     | Bloax: yep
  5542 | D:17     | WOAT: where are you diving to?
  5551 | D:17     | Bloax: Unless you've had some good gear luck though.
  5570 | D:17     | Bloax: Then it's best to refrain from ruining it.
  5578 | D:17     | 4tharraofdagon: wand of digging
  5582 | D:17     | WOAT: ah
  5619 | D:17     | Found Rulabruwke's Book Shop.
  6112 | D:18     | Reached skill level 13 in Axes
  6136 | D:18     | Reached skill level 10 in Evocations
  6272 | D:18     | Noticed Roxanne
  6340 | D:18     | Noticed Rupert
  6350 | D:18     | Killed Rupert
  6350 | D:18     | Reached skill level 10 in Fighting
  6545 | D:16     | Reached XP level 13. EP: 125/125
  6602 | D:16     | Found a radiant altar of Vehumet.
  7011 | D:13     | Killed an unseen horror
  7170 | D:12     | Noticed a cyclops
  7187 | D:12     | Killed a cyclops
  7212 | D:12     | Found a gateway to a bazaar.
  7359 | D:12     | timbw: youre not even entering the bazar?
  7361 | D:11     | 4tharraofdagon: not now
  7369 | D:11     | timbw: doesnt it disapear?
  7417 | D:10     | 4tharraofdagon: its not timed
  7455 | D:8      | Noticed Eustachio
  7485 | D:8      | Killed Eustachio
  7554 | Lair:1   | Entered Level 1 of the Lair of Beasts
  7973 | Lair:3   | Reached skill level 14 in Axes
  7975 | Lair:3   | Got a wavering granite ring
  8042 | Lair:3   | Identified the cursed ring "Kliri" {rElec Int-3} (You found it on level 3 of the Lair of Beasts)
  8114 | Lair:4   | Found a staircase to the Shoals.
  8236 | Lair:4   | timbw: really gonna keep that maby books?
  8331 | Lair:4   | 4tharraofdagon: yea
  8351 | Lair:4   | 4tharraofdagon: this is throwable conjure flame
  8351 | Lair:4   | 4tharraofdagon: just like draconians do
  8351 | Lair:4   | timbw: or it is
  8351 | Lair:4   | timbw: vampiric battle axe
  8351 | Lair:4   | timbw: or flame brand
  8438 | Lair:5   | Received a gift from Trog
  8851 | Lair:8   | Entered Level 8 of the Lair of Beasts
  8867 | Lair:8   | Reached skill level 15 in Axes
  8881 | Lair:8   | Reached XP level 14. EP: 96/134
  8891 | Lair:8   | Found a staircase to the Slime Pits.
  8930 | Lair:8   | Noticed rdx's ghost (powerful MiFi)
  8944 | Lair:8   | Killed rdx's ghost
  9418 | Lair:8   | Reached skill level 16 in Axes
  9530 | Lair:8   | Received a gift from Trog
 10204 | Lair:3   | Bloax: gnight
 10343 | Lair:2   | 4tharraofdagon: n8
 10414 | D:8      | Upgraded the game from 0.14-a0-445-g388476e to 0.14-a0-484-gae2d0ec
 10488 | D:8      | Noticed Psyche
 10495 | D:8      | Killed Psyche
 10497 | D:8      | Noticed a polar bear
 10498 | D:8      | Received a gift from Trog
 10499 | D:8      | Noticed a polar bear
 10509 | D:8      | Killed a polar bear
 10509 | D:8      | Reached skill level 17 in Axes
 10515 | D:8      | Killed a polar bear
 10967 | D:7      | Identified a cursed +0 rod of striking (7/7) (You found it on level 7 of the Dungeon)
 11524 | D:10     | Found a staircase to the Orcish Mines.
 11570 | Orc:1    | Entered Level 1 of the Orcish Mines
 11829 | Orc:1    | Found a bloodstained altar of Trog.
 11869 | Orc:1    | Received a gift from Trog
 12370 | Orc:4    | Entered Level 4 of the Orcish Mines
 12371 | Orc:4    | Found Ceterph's Distillery.
 12372 | Orc:4    | Found a staircase to the Elven Halls.
 12391 | Orc:4    | Bought a potion of magic for 98 gold pieces
 12391 | Orc:4    | Bought a potion of speed for 77 gold pieces
 12427 | Orc:4    | Noticed an orc warlord
 12443 | Orc:4    | Killed an orc warlord
 12475 | Orc:4    | Received a gift from Trog
 12519 | Orc:4    | Reached XP level 15. EP: 122/141
 12958 | Orc:4    | Found Crais' Gadget Shoppe.
 13086 | Orc:4    | Received a gift from Trog
 13202 | Orc:4    | Found Zoqom's Jewellery Emporium.
 13406 | Orc:4    | Found Gigomm's Antique Armour Boutique.
 13413 | Orc:4    | Bought an uncursed amulet of resist mutation for 720 gold pieces
 13416 | Orc:4    | Found Faptauca's Magical Wand Shoppe.
 13447 | Orc:4    | Bought an uncursed ring of teleport control for 900 gold pieces
 13447 | Orc:4    | Bought an uncursed ring of ice for 360 gold pieces
 13498 | Elf:1    | Entered Level 1 of the Elven Halls
 13510 | Elf:1    | Reached skill level 18 in Axes
 13613 | Elf:1    | Found Yggeomuu's Book Shop.
 13625 | Elf:1    | Noticed MechanicPope's ghost (powerful DjFi)
 13653 | Elf:1    | Received a gift from Trog
 13730 | Elf:1    | Found Skaebyix's Magical Wand Emporium.
 14141 | Elf:3    | Entered Level 3 of the Elven Halls
 14396 | Elf:3    | Received a gift from Trog
 14539 | Elf:3    | hurdos: Hi
 14541 | Elf:3    | 4tharraofdagon: hey
 14563 | Elf:3    | Noticed a deep elf blademaster
 14576 | Elf:3    | Killed a deep elf blademaster
 14592 | Elf:3    | hurdos: blade masters are very nasty
 14617 | Elf:3    | 4tharraofdagon: ye
 14667 | Elf:3    | Reached skill level 19 in Axes
 14809 | Elf:3    | Noticed a deep elf blademaster
 14822 | Elf:3    | Killed a deep elf blademaster
 14822 | Elf:3    | Reached XP level 16. EP: 57/151
 14833 | Elf:3    | Received a gift from Trog
 14875 | Elf:3    | Got a flickering brass ring
 14883 | Elf:3    | Identified the ring "Muufan" {Hunger rElec Int-2} (You took it off a deep elf annihilator on level 3 of the Elven Halls)
 15078 | Elf:3    | Noticed a deep elf master archer
 15106 | Elf:3    | Killed a deep elf master archer
 15183 | Elf:3    | Got a heavily runed granite ring
 15402 | Elf:3    | Got a sparkling graven amulet
 15403 | Elf:3    | Got a shimmering great sword
 15403 | Elf:3    | Got a polished leather armour
 15527 | Elf:3    | Identified the ring "Qiluga" {AC+6 Str+2 Dex-3 Acc+4} (You took it off a deep elf demonologist on level 3 of the Elven Halls)
 15604 | Elf:3    | Got a smoking lapis lazuli ring
 15624 | Elf:3    | Identified the ring "Cloll" {rElec rN+ MR++ AC+2} (You found it on level 3 of the Elven Halls)
 15882 | Elf:1    | Killed MechanicPope's ghost
 15886 | Elf:1    | RIP bud
 15904 | Elf:1    | Bought a wand of teleportation (5) for 405 gold pieces
 16080 | D:5      | Killed 4tharraofdagon's ghost
 16188 | D:5      | Noticed a centaur
 16197 | D:5      | Killed a centaur
 16241 | D:4      | Found a staircase to the Ecumenical Temple.
 16244 | D:4      | Found a radiant altar of Vehumet.
 16244 | D:4      | Found a white marble altar of Elyvilon.
 16274 | Temple   | Entered the Ecumenical Temple
 16439 | Temple   | Fell from the grace of Trog
 16439 | Temple   | Became a worshipper of Makhleb the Destroyer
 16440 | Temple   | Trog does not appreciate desertion! ORLY???
 16612 | D:11     | Noticed a centaur warrior
 16627 | D:11     | Killed a centaur warrior
 16857 | D:17     | Reached skill level 20 in Axes
 16863 | D:17     | Acquired Makhleb's first power
 16885 | D:17     | Found a staircase to the Vaults.
 16885 | D:17     | Noticed a vault guard
 16896 | D:17     | Killed a vault guard
 16924 | Vaults:1 | Entered Level 1 of the Vaults
 17022 | Vaults:2 | Acquired Makhleb's second power
 17212 | Vaults:1 | Noticed Wiglaf
 17359 | Vaults:2 | Reached XP level 17. EP: 142/165
 17392 | Vaults:2 | Acquired Makhleb's third power
 17468 | Vaults:2 | Reached skill level 15 in Fighting
 17834 | Vaults:3 | Found a staircase to the Crypt.
 17834 | Vaults:3 | Found a basalt altar of Yredelemnul.
 17835 | Vaults:3 | Found an ancient bone altar of Kikubaaqudgha.
 17981 | Vaults:3 | Identified the amulet of Kotum {+Rage Str+3 Int-2} (You took it off a deep elf knight on level 3 of the Elven Halls)
 17995 | Vaults:3 | Found a staircase to the Hall of Blades.
 18137 | Vaults:3 | Acquired Makhleb's fourth power
 18640 | Vaults:4 | Acquired Makhleb's fifth power
 18774 | Vaults:4 | Found Comut's Assorted Antiques.
 18793 | Vaults:4 | Found Ghieck's Assorted Antiques.
 19252 | Vaults:4 | Found a flickering gateway to a bazaar.
 19257 | Vaults:4 | Reached XP level 18. EP: 156/178
 19281 | Bazaar   | Entered a bazaar
 19281 | Bazaar   | Found Pryoschelau's Magic Scroll Boutique.
 19300 | Bazaar   | Found Asugotast's Antique Armour Emporium.
 19309 | Bazaar   | Found Woniczor's General Store.
 19321 | Bazaar   | Found Qani's Jewellery Shoppe.
 19327 | Bazaar   | Found Shokao's Antique Weapon Shoppe.
 19349 | Bazaar   | Bought a scroll of enchant weapon III for 240 gold pieces
 19349 | Bazaar   | Bought a scroll of enchant weapon I for 66 gold pieces
 19376 | Bazaar   | Bought a scroll of enchant weapon III for 220 gold pieces
 19376 | Bazaar   | Bought a scroll of blinking for 60 gold pieces
 19376 | Bazaar   | Bought a scroll of magic mapping for 38 gold pieces
 19379 | Bazaar   | Bought a scroll of magic mapping for 38 gold pieces
 19379 | Bazaar   | Bought a scroll of recharging for 60 gold pieces
 19446 | Vaults:5 | Entered Level 5 of the Vaults
 19453 | Vaults:5 | Noticed a Hell Sentinel
 19628 | Vaults:5 | Noticed a lich
 19642 | Vaults:5 | Killed a lich
 19642 | Vaults:5 | Reached skill level 21 in Axes
 19869 | Vaults:5 | Got a silver rune of Zot
 20219 | Vaults:5 | HP: 3/158 [stone giant (38)]
 20220 | Vaults:5 | Demolished by a stone giant

Action                   |  1- 3 |  4- 6 |  7- 9 | 10-12 | 13-15 | 16-18 || total
-------------------------+-------+-------+-------+-------+-------+-------++-------
Melee: Hand axe          |    98 |    85 |   159 |       |       |       ||   342
       War axe           |       |       |   111 |   749 |   441 |       ||  1301
       Battleaxe         |       |       |       |       |   319 |       ||   319
       Executioner's axe |       |       |       |       |   832 |  1150 ||  1982
       Broad axe         |       |       |       |       |   243 |       ||   243
Throw: Tomahawk          |       |       |       |     8 |     3 |       ||    11
Invok: Berserk           |     5 |     7 |    10 |    33 |    18 |     1 ||    74
       Trog's Hand       |       |       |    15 |    51 |    55 |    11 ||   132
       Burn Spellbooks   |       |       |       |       |     7 |     2 ||     9
 Abil: Evoke Teleport Co |       |       |       |       |       |     8 ||     8
       Evoke Teleportati |       |       |       |       |       |     7 ||     7
       Evoke Berserk Rag |       |       |       |       |       |     4 ||     4
Evoke: Wand              |       |       |     4 |    12 |    21 |     8 ||    45
       Miscellaneous     |       |       |     1 |     2 |    17 |    20 ||    40
  Use: Potion            |     1 |       |     5 |     6 |     3 |    18 ||    33
       Scroll            |       |     3 |     9 |    20 |    17 |    19 ||    68
 Stab: Distracted        |       |       |       |     1 |     5 |     1 ||     7
       Held in net/web   |       |       |       |       |     1 |     1 ||     2
